 Dungeon Crawl Stone Soup version 0.25-a0-24-g72dcfe0359 (webtiles) character file.

Game seed: 13225423719984473921, levelgen mode: deterministic

36999 D1HalberdGnoll the Fighter (level 13, -2/119 HPs)
             Began as a Grey Draconian Air Elementalist on Oct 17, 2019.
             Was a High Priest of Makhleb.
             Slain by a manticore (14 damage)
             ... summoned by Kirke
             ... on level 5 of the Lair of Beasts.
             The game lasted 00:44:20 (22767 turns).

D1HalberdGnoll the Fighter (DrAE)                  Turns: 22767, Time: 00:44:21

Health: -2/119     AC:  0    Str: 11    XL:     13   Next: 56%
Magic:  23/23      EV: 18    Int: 18    God:    Makhleb [*****.]
Gold:   510        SH:  0    Dex: 12    Spells: 12/25 levels left

rFire    . . .     SeeInvis .   (weapon currently unavailable)
rCold    . . .     Gourm    .   (shield currently unavailable)
rNeg     . . .     Faith    .   (armour unavailable)
rPois    .         Spirit   .   (helmet currently unavailable)
rElec    .         Reflect  .   (cloak currently unavailable)
rCorr    .         Harm     .   (gloves currently unavailable)
MR       .....                  (boots currently unavailable)
Stlth    ++........             (no amulet)
HPRegen  0.29/turn              (ring currently unavailable)
MPRegen  0.18/turn              (ring currently unavailable)

@: about to teleport, pig-form, slowed
A: small, (walk through water), unfitting armour, clumsy 1, AC +13
a: Minor Destruction, Lesser Servant of Makhleb, Major Destruction, Greater
Servant of Makhleb, Renounce Religion


You were on level 5 of the Lair of Beasts.
You worshipped Makhleb.
Makhleb was extremely pleased with you.
You were not hungry.
You were a filthy swine.
You visited 2 branches of the dungeon, and saw 18 of its levels.

You collected 974 gold pieces.
You spent 464 gold pieces at shops.

Inventory:

Hand Weapons
 I - the +10 quarterstaff "Paonten" (melded) {flame, SInv}
   (You found it on level 8 of the Dungeon)

   It has been specially enchanted to burn those struck by it, causing extra
   injury to most foes and up to half again as much damage against particularly
   susceptible opponents.
   It lets you see invisible.
Missiles
 m - 2 throwing nets (quivered)
Armour
 e - a +2 hat of see invisible (melded)
 j - a +1 pair of boots (melded)
 o - a +0 pair of gloves (melded)
 u - a +2 shield
 E - a +2 cloak of invisibility (melded)
Magical Staves
 i - an uncursed staff of power
Jewellery
 c - the ring of Ucsiotri (melded) {rC+ MR+ Str+3 Int+3}
   (You found it on level 10 of the Dungeon)

   [ring of strength]

   It affects your strength (+3).
   It affects your intelligence (+3).
   It protects you from cold.
   It affects your resistance to hostile enchantments.
 v - a +2 ring of protection {unknown}
 w - an uncursed ring of wizardry
 y - an uncursed ring of protection from magic
 F - a ring of poison resistance (melded)
 M - an uncursed ring of fire {unknown}
 O - an uncursed ring of protection from fire
Wands
 g - a wand of disintegration (26)
 x - a wand of digging (2)
 D - a wand of polymorph (16)
 N - a wand of clouds (5)
 P - a wand of acid (9)
 Q - a wand of flame (19)
Scrolls
 f - 12 scrolls of remove curse
 h - a scroll of magic mapping
 k - a scroll of blinking
 l - 2 scrolls of identify
 q - 3 scrolls of amnesia
 s - a scroll of fear
 A - 4 scrolls of enchant armour
 C - 2 scrolls of enchant weapon
 G - a scroll of fog
 L - 3 scrolls of teleportation
Potions
 a - 3 potions of haste
 d - 3 potions of heal wounds {unknown}
 n - 3 potions of flight {unknown}
 p - 2 potions of invisibility
 r - 2 potions of agility {unknown}
 t - 2 potions of magic {unknown}
 z - a potion of degeneration {unknown}
 B - 5 potions of curing
 H - a potion of brilliance {unknown}
 J - 2 potions of resistance
 K - a potion of mutation
Comestibles
 b - 23 rations


   Skills:
 + Level 12.7 Fighting
 - Level 12.0 Staves
 + Level 6.9 Dodging
 - Level 1.7 Stealth
 - Level 8.0 Shields
 - Level 6.9 Spellcasting
 - Level 1.0 Conjurations
 + Level 4.4 Summonings
 - Level 2.4 Air Magic
 - Level 10.0 Invocations


You had 12 spell levels left.
You knew the following spells:

 Your Spells              Type           Power        Failure   Level  Hunger
a - Shock                 Conj/Air       ##..         5%          1    None
b - Airstrike             Air            ##........   38%         4    ####...
c - Summon Lightning Spi  Summ/Air       ###.....     26%         4    ####...
d - Summon Ice Beast      Ice/Summ       ##......     41%         4    ####...

Your spell library contained the following spells:

 Spells                   Type           Power        Failure   Level  Hunger
 Call Imp                 Summ           ###.....     2%          2    None
 Swiftness                Chrm/Air       ##......     10%         2    None
 Confusing Touch          Hex            #.....       11%         1    None
 Static Discharge         Conj/Air       ##......     16%         3    ##.....
 Slow                     Hex            #.......     17%         2    None
 Confuse                  Hex            #.......     32%         3    ##.....
 Gell's Gravitas          Tloc           #.........   32%         3    ##.....
 Ozocubu's Armour         Chrm/Ice       #.......     32%         3    ##.....
 Portal Projectile        Hex/Tloc       #.....       32%         3    ##.....
 Summon Demon             Summ           ###.......   43%         5    #####..
 Fulminant Prism          Conj/Hex       #.........   65%         4    ####...
 Petrify                  Tmut/Erth      #.......     73%         4    ####...
 Lightning Bolt           Conj/Air       ##........   83%         5    #####..
 Silence                  Hex/Air        ##........   88%         5    #####..
 Iskenderun's Battlesphe  Conj/Chrm      #.......     94%         5    #####..
 Venom Bolt               Conj/Pois      #.........   94%         5    #####..
 Bolt of Magma            Conj/Fire/Erth #.........   95%         5    #####..
 Metabolic Englaciation   Hex/Ice        #.........   97%         5    #####..
 Yara's Violent Unravell  Hex/Tmut       #.........   97%         5    #####..
 Conjure Ball Lightning   Conj/Air       ##........   100%        6    #######
 Deflect Missiles         Chrm/Air       ##........   100%        6    #######
 Iron Shot                Conj/Erth      #.........   100%        6    #######
 Orb of Destruction       Conj           #.........   100%        7    #######
 Ring of Flames           Chrm/Fire      #.........   100%        7    #######
 Spellforged Servitor     Conj/Summ      ###.......   100%        7    #######
 Tornado                  Air            ##........   100%        9    #######


Dungeon Overview and Level Annotations

Branches:
Dungeon (13/15)            Temple (0/1) D:6            Lair (5/6) D:9
 Shoals (0/4) Lair:3       Spider (0/4) Lair:3          Orc (0/2) D:10
  Slime: Lair:5-6    Vaults: D:13-14

Altars:
Ashenzari
Cheibriados
Dithmenos
Fedhas
Gozag
Kikubaaqudgha
Makhleb
Okawaru
Ru
Sif Muna
Uskayaw
Vehumet
The Shining One
Jiyva

Shops:
D:6 [   D:8 [

Annotations:
D:6 2 transporters
D:13 Frances
Lair:5 Kirke


Innate Abilities, Weirdness & Mutations

((You can walk through water.))
((Your dull iron-grey scales are very hard. (AC +13)))
You cannot fit into any form of body armour.
((You can survive without breathing.))
((You are cold-blooded and may be slowed by cold attacks.))
((You have sharp toenails.))
You are clumsy. (Dex -2)
((Your flesh is cold resistant. (rC+)))


Message History

You feel strangely unstable. The hog completely misses you.
The hog closely misses you. The manticore misses you. The manticore claws you!
* * * LOW HITPOINT WARNING * * *
The manticore claws you.
* * * LOW HITPOINT WARNING * * *
Your ynoxinul hits the hog. Kirke gestures at you while chanting.
You struggle to resist.
The hog misses you. The hog bites you!
* * * LOW HITPOINT WARNING * * *
The manticore bites you!
* * * LOW HITPOINT WARNING * * *
The manticore barely misses you. The manticore claws you.
* * * LOW HITPOINT WARNING * * *
Your ynoxinul hits the hog but does no damage.
Kirke hits you.
* * * LOW HITPOINT WARNING * * *
You feel better.
You carefully extract the barbed spikes from your body.
The hog barely misses you. The hog misses you. The manticore bites you!
You die...

P.#..##############..####
P.....P....P#..#..#...P.#
.....P.................P.
.(...P...................
..............##†....###
#P............P##....#
##.............##...##
#.......>....###.3..#
##.............#hh...##
.#............h@hH....#
...... .................
...... .....!...........
###### ..##.%...........
# # #......##...P..
##..#.## ....## #...##
....# ...# ..


You could see Kirke, a manticore, 3 hogs and a friendly ynoxinul.

Vanquished Creatures
  Gastronok (D:9)
  6 hydras
  The ghost of skelma the Carver, a journeyman DsFi of Okawaru (Lair:3)
  2 two-headed ogres
  Pikel (D:6)
  An ugly thing (D:13)
  A manticore (Lair:3)
  Joseph (D:7)
  3 black mambas (Lair:4)
  10 spiny frogs
  4 komodo dragons
  2 rime drakes
  A troll (D:10)
  19 blink frogs
  3 slime creatures (Lair:3)
  Prince Ribbit (D:8)
  6 hippogriffs
  2 redbacks (Lair:3)
  4 wyverns
  A wraith (D:10)
  30 yaks
  A basilisk (Lair:5)
  Grum (D:8)
  2 wargs (D:8)
  8 water moccasins
  7 porcupines
  2 sky beasts
  2 black bears
  8 orc warriors
  2 phantoms
  3 slaves (D:6)
  21 wolves
  3 necrophages
  5 ice beasts
  2 centaurs
  4 ogres
  11 crocodiles
  A big kobold (D:10)
  A gnoll sergeant (D:9)
  15 bullfrogs
  4 scorpions
  12 wights
  An electric eel (D:6)
  2 howler monkeys
  3 bullfrog zombies
  3 crimson imps
  4 jellies
  2 quasits (D:9)
  8 hounds
  9 orc priests
  12 orc wizards
  Crazy Yiuf (D:3)
  5 centaur skeletons
  Natasha (thrice) (D:2)
  A bullfrog skeleton (D:7)
  9 worker ants
  4 iguanas
  3 worker ant zombies
  5 gnolls (D:9)
  A howler monkey skeleton (D:4)
  11 adders
  3 shadow imps
  6 oozes
  4 adder zombies
  5 worms
  3 dart slugs
  4 leopard geckos
  44 orcs
  2 ball pythons (D:5)
  3 giant cockroaches
  6 goblins
  9 hobgoblins
  14 jackals
  5 quokkas
  7 bats
  6 frilled lizards
  10 kobolds
  A leopard gecko zombie (D:5)
  A quokka skeleton (D:4)
  3 rats
  2 fungi
440 creatures vanquished.

Vanquished Creatures (collateral kills)
  A slime creature (Lair:3)
  2 jellies (Lair:3)
3 creatures vanquished.

Vanquished Creatures (others)
  A slave (D:6)
  6 fungi
  2 plants (Lair:5)
9 creatures vanquished.

Grand Total: 452 creatures vanquished

Notes
Turn   | Place    | Note
-------+----------+-------------------------------------------
     0 | D:1      | D1HalberdGnoll the Draconian Air Elementalist began the
                  | quest for the Orb.
     0 | D:1      | Reached XP level 1. HP: 14/14 MP: 3/3
   407 | D:1      | Reached skill level 1 in Fighting
   555 | D:1      | Reached XP level 2. HP: 22/23 MP: 0/5
  1638 | D:1      | Reached XP level 3. HP: 10/30 MP: 4/6
  1894 | D:1      | Reached XP level 4. HP: 17/37 MP: 2/7
  2653 | D:2      | Found a sacrificial altar of Ru.
  2868 | D:2      | Noticed Natasha
  2880 | D:2      | Killed Natasha
  2880 | D:2      | Reached XP level 5. HP: 43/46 MP: 6/9
  2909 | D:2      | Found a snail-covered altar of Cheibriados.
  2972 | D:2      | Noticed Natasha
  2980 | D:2      | Killed Natasha
  3020 | D:2      | Noticed Natasha
  3024 | D:2      | Killed Natasha
  3525 | D:3      | Found a radiant altar of Vehumet.
  3576 | D:3      | Found a burning altar of Makhleb.
  3577 | D:3      | Noticed a green death
  3596 | D:3      | Noticed a neqoxec
  3596 | D:3      | Noticed a hellwing
  3598 | D:3      | Became a worshipper of Makhleb the Destroyer
  3808 | D:3      | Found a hide-covered altar of Uskayaw.
  4177 | D:3      | Found a runed translucent door.
  4178 | D:3      | Noticed Crazy Yiuf
  4341 | D:4      | HP: 2/47 [iguana (8)]
  4342 | D:4      | Reached XP level 6. HP: 2/53 MP: 10/10
  4722 | D:4      | Reached skill level 1 in Staves
  4842 | D:4      | Reached skill level 1 in Invocations
  5225 | D:4      | Reached skill level 1 in Shields
  5356 | D:4      | Your scales start taking on a dull iron-grey colour.
  5356 | D:4      | Reached XP level 7. HP: 46/60 MP: 12/12
  5356 | D:4      | Gained mutation: You can survive without breathing. [Grey
                  | Draconian growth]
  5569 | D:4      | Found an opulent altar of Gozag.
  6085 | D:4      | Reached skill level 5 in Fighting
  6399 | D:5      | Entered Level 5 of the Dungeon
  6564 | D:5      | Reached * piety under Makhleb
  6660 | D:5      | Learned a level 4 spell: Airstrike
  6728 | D:5      | Found a glowing golden altar of the Shining One.
  7177 | D:5      | Identified the cursed +1 hand axe of Ottodam {holy, rC+
                  | Dex+4}
  7320 | D:5      | Reached XP level 8. HP: 51/69 MP: 14/14
  7501 | D:5      | Found a shadowy altar of Dithmenos.
  7999 | D:5      | Reached skill level 5 in Staves
  8822 | D:6      | Found an ancient bone altar of Kikubaaqudgha.
  9050 | D:6      | Found a shattered altar of Ashenzari.
  9050 | D:6      | Noticed a troll
  9051 | D:6      | Noticed Pikel
  9052 | D:6      | Found a transporter.
  9089 | D:6      | Killed Pikel
  9089 | D:6      | Reached skill level 5 in Spellcasting
  9089 | D:6      | Reached XP level 9. HP: 46/78 MP: 11/16
  9332 | D:6      | Found a transporter.
  9355 | D:6      | Found Igoufug's Armour Emporium.
  9590 | D:6      | Identified the Tome of Assistive Hexes
  9625 | D:6      | Found a shimmering blue altar of Sif Muna.
 10303 | D:6      | Found a staircase to the Ecumenical Temple.
 10714 | D:7      | Reached ** piety under Makhleb
 11066 | D:7      | Noticed Joseph
 11079 | D:7      | Reached skill level 5 in Shields
 11106 | D:7      | Killed Joseph
 11449 | D:7      | Found an iron altar of Okawaru.
 12148 | D:8      | Noticed a two-headed ogre
 12167 | D:8      | Killed a two-headed ogre
 12167 | D:8      | Reached XP level 10. HP: 62/87 MP: 4/17
 12277 | D:8      | Found Byah Ifi's Antique Armour Shop.
 12285 | D:8      | Bought a glowing hat for 224 gold pieces
 12285 | D:8      | Bought a runed cloak for 240 gold pieces
 12703 | D:8      | Found a blossoming altar of Fedhas.
 12703 | D:8      | Noticed Prince Ribbit
 12763 | D:8      | Killed Prince Ribbit
 12865 | D:8      | Noticed Grum
 12964 | D:8      | Gained mutation: Your flesh is cold resistant. (rC+)
                  | [potion of mutation]
 12964 | D:8      | Gained mutation: You are clumsy. (Dex -2) [potion of
                  | mutation]
 12964 | D:8      | Gained mutation: You have sharp toenails. [potion of
                  | mutation]
 12973 | D:8      | Killed Grum
 13179 | D:8      | Got a faintly glowing quarterstaff
 13180 | D:8      | Identified the +10 quarterstaff "Paonten" {flame, SInv}
                  | (You found it on level 8 of the Dungeon)
 13467 | D:3      | Killed Crazy Yiuf
 13768 | D:9      | Found a staircase to the Lair.
 13776 | D:9      | Reached *** piety under Makhleb
 13919 | D:9      | Reached skill level 10 in Staves
 14084 | D:9      | Noticed Gastronok
 14113 | D:9      | Killed Gastronok
 14113 | D:9      | Reached XP level 11. HP: 86/95 MP: 18/18
 14263 | D:9      | Found an opulent altar of Gozag.
 14623 | D:10     | Entered Level 10 of the Dungeon
 14813 | D:10     | Reached **** piety under Makhleb
 14917 | D:10     | Found a staircase to the Orcish Mines.
 14978 | D:10     | You fall into a shaft and drop 3 floors!
 14978 | D:13     | Noticed Frances
 14978 | D:13     | Noticed a deep elf mage
 14982 | D:13     | Noticed a red ugly thing
 14991 | D:13     | Noticed a four-headed hydra
 15070 | D:13     | Killed a red ugly thing
 15380 | D:13     | Reached skill level 10 in Fighting
 15390 | D:13     | Killed a four-headed hydra
 15535 | D:10     | Noticed a two-headed ogre
 15546 | D:10     | Killed a two-headed ogre
 15816 | D:10     | Found a viscous altar of Jiyva.
 15918 | D:10     | Reached skill level 5 in Invocations
 15940 | D:10     | Got an ancient gossamer ring
 16243 | Lair:1   | Entered Level 1 of the Lair of Beasts
 16341 | Lair:1   | Reached XP level 12. HP: 108/108 MP: 15/20
 16516 | Lair:1   | Reached ***** piety under Makhleb
 16568 | Lair:1   | Identified the ring of Ucsiotri {rC+ MR+ Str+3 Int+3} (You
                  | found it on level 10 of the Dungeon)
 16781 | Lair:1   | Noticed a five-headed hydra
 16795 | Lair:1   | Killed a five-headed hydra
 17493 | Lair:2   | Noticed a six-headed hydra
 17504 | Lair:2   | Killed a six-headed hydra
 17618 | Lair:2   | Reached skill level 5 in Dodging
 18012 | Lair:3   | Found a runed translucent gate.
 18012 | Lair:3   | Found a runed translucent gate.
 18012 | Lair:3   | Found a runed translucent gate.
 18139 | Lair:3   | Found a staircase to the Shoals.
 18451 | Lair:3   | Learned a level 4 spell: Summon Lightning Spire
 18560 | Lair:3   | Noticed skelma's ghost (journeyman DsFi)
 18778 | Lair:3   | Found a hole to the Spider Nest.
 18861 | Lair:3   | Reached skill level 1 in Summonings
 18878 | Lair:3   | Noticed an eight-headed hydra
 18896 | Lair:3   | Killed an eight-headed hydra
 19200 | Lair:3   | Found a viscous altar of Jiyva.
 19657 | Lair:3   | Identified the Tome of Creative Bewitchment
 19668 | Lair:3   | Learned a level 4 spell: Summon Ice Beast
 19814 | Lair:3   | Found a hole to the Spider Nest.
 19824 | Lair:3   | Found a staircase to the Shoals.
 20017 | Lair:3   | Killed skelma's ghost
 20312 | Lair:4   | Reached XP level 13. HP: 118/118 MP: 18/23
 21709 | Lair:5   | Reached skill level 10 in Invocations
 22747 | Lair:5   | Noticed Kirke
 22766 | Lair:5   | HP: 5/119 [Kirke (6)]
 22767 | Lair:5   | Slain by a manticore

Levels and vault maps discovered:
D:1:      elethiomel_arrival_infinity_welcomes_careful_drivers,
          layout_loops_cross
D:2:      layout_rooms, lemuel_crystal_altar, lemuel_doored_altar, first_ration,
          chequers_serial_rivers_room_b, uniq_natasha
D:3:      layout_basic, vehumet_crystals, overflow_temple_1_default,
          makhleb_altar_promises_db, uniq_crazy_yiuf_cottage
D:4:      layout_loops_cross, grunt_gozag_breadcrumbs
D:5:      layout_loops_ring, nicolae_overflow_hidden_temple
D:6:      cheibrodos_helix_gallery, layout_basic, old_standard_altar,
          overflow_temple_1_default, gammafunk_temple_overflow_arena,
          minmay_temple_entry_fiery, serial_shops, nicolae_shop_behind_doors,
          uniq_pikel
D:7:      layout_rooms, kennysheep_mini_moat, uniq_joseph
D:8:      layout_basic, serial_shops, shop, fedhas_altar_3, uniq_prince_ribbit1,
          uniq_grum
D:9:      kennysheep_blocky_hall, layout_basic, old_standard_altar,
          erik_lair_orcish_takeover, uniq_gastronok
D:10:     layout_loops_corners, orc_0_dummy, hangedman_little_slice_of_home
D:11:     layout_roguey
D:12:     layout_cave_pools, gauntlet_entry_generic
D:13:     gammafunk_jiyva_shrine, layout_layer_cave, uniq_frances
Lair:1:   layout_misc_corridors, lemuel_fruit_tree, grunt_megastairs_1,
          lemuel_fruit_fields
Lair:2:   layout_regular_city
Lair:3:   layout_cave_pods, minmay_shoals_entry_beasts, spider_nest_entry_webs,
          gammafunk_ghost_ooze
Lair:4:   layout_cave_pods
Lair:5:   layout_small_grid, grunt_megastairs_5, lemuel_fruit_fields, uniq_kirke

Skill      XL: |  1  2  3  4  5  6  7  8  9 10 11 12 13 |
---------------+----------------------------------------+-----
Fighting       | 1 2 3 4 5 6 8 9 10 12 | 12.7
Dodging        | 2 3 5 6 |  6.9
Spellcasting   | 3 4 5 6 |  6.9
Staves         | 2 4 6 9 10 12 | 12.0
Invocations    | 1 5 8 10 | 10.0
Shields        | 1 2 4 6 7 8 |  8.0
Air Magic      | 2 |  2.4
Summonings     | 2 4 |  4.4
Stealth        | |  1.7
Conjurations   | |  1.0

Action                   |  1- 3 |  4- 6 |  7- 9 | 10-12 | 13-15 || total
-------------------------+-------+-------+-------+-------+-------++-------
Melee: Unarmed           |    38 |       |       |       |     1 ||    39
       Tailslap          |     4 |    22 |    41 |    68 |    13 ||   148
       Mace              |    21 |    44 |       |       |       ||    65
       Club              |     3 |       |       |       |       ||     3
       Whip              |       |    30 |   100 |    88 |       ||   218
       Staff             |       |    97 |   204 |       |       ||   301
       Quarterstaff      |       |       |       |   576 |   253 ||   829
 Cast: Shock             |    45 |   107 |   380 |   119 |     6 ||   657
       Airstrike         |       |       |    26 |    11 |     1 ||    38
Invok: Lesser Servant of |       |       |       |     8 |     1 ||     9
Evoke: Wand              |       |       |       |     2 |       ||     2
  Use: Potion            |       |     1 |     5 |     4 |     1 ||    11
       Scroll            |       |     1 |    13 |    15 |     3 ||    32
 Stab: Sleeping          |       |       |       |     8 |       ||     8
  Eat: Chunk             |     4 |     9 |    18 |    18 |     2 ||    51
       Ration            |       |     1 |     2 |     3 |     2 ||     8
Armor: Skin              |    31 |    89 |   170 |   276 |   104 ||   670
Dodge: Dodged            |    36 |   135 |   296 |   362 |   188 ||  1017
Block: Shield            |       |    18 |       |       |       ||    18

Table legend:
 A = Non-vault XP
 B = Vault XP
 C = Vault XP percentage of total XP
 D = Non-vault monster count
 E = Vault monster count
 F = Vault count percentage of total count
                 A         B        C        D         E       F
            +---------+---------+-------+---------+---------+-------
      Total |   43378 |    9479 |  17.9 |     391 |      47 |  10.7
            +---------+---------+-------+---------+---------+-------
        D:1 |     136 |       0 |   0.0 |      27 |       0 |   0.0
        D:2 |     127 |      37 |  22.6 |      23 |       1 |   4.2
        D:3 |      64 |      41 |  39.0 |      20 |       1 |   4.8
        D:4 |     596 |       0 |   0.0 |      25 |       0 |   0.0
        D:5 |    1040 |       0 |   0.0 |      28 |       0 |   0.0
        D:6 |     629 |     709 |  53.0 |      17 |       3 |  15.0
        D:7 |    1386 |     502 |  26.6 |      29 |       1 |   3.3
        D:8 |    1548 |    1245 |  44.6 |      10 |      12 |  54.5
        D:9 |    1317 |    2675 |  67.0 |      34 |       5 |  12.8
       D:10 |    3490 |     166 |   4.5 |      38 |       8 |  17.4
       D:11 |       2 |       0 |   0.0 |       1 |       0 |   0.0
       D:12 |      56 |       0 |   0.0 |       2 |       0 |   0.0
       D:13 |    4363 |       0 |   0.0 |      17 |       0 |   0.0
     Lair:1 |    5195 |    1486 |  22.2 |      20 |       7 |  25.9
     Lair:2 |    3490 |       0 |   0.0 |      15 |       0 |   0.0
     Lair:3 |    4923 |    2133 |  30.2 |      25 |       7 |  21.9
     Lair:4 |    9667 |       0 |   0.0 |      34 |       0 |   0.0
     Lair:5 |    5349 |     485 |   8.3 |      26 |       2 |   7.1
            +---------+---------+-------+---------+---------+-------
